[Event "GambitGuide"]
[Site "Internet Chess Club"]
[Date "2014.10.31"]
[Round "1"]
[White "JSBach"]
[Black "anticreep"]
[Result "0-1"]
[ICCResult "White checkmated"]
[WhiteElo "1643"]
[BlackElo "1487"]
[Opening "Vienna: `Frankenstein-Dracula' variation"]
[ECO "C27"]
[NIC "VG.02"]
[Time "22:49:36"]
[TimeControl "120+12"]

1. e4 e5 2. Nc3 Nf6 3. Bc4 Nxe4 4. Qh5 Nd6 5. Bb3 Nc6 6. Nb5 g6 7. Qf3 f5 8.
Qd5 Qe7 9. Nxc7+ Kd8 10. Nxa8 b6 11. d3 Bb7 12. Nxb6 axb6 13. Qf3 Nd4 14.
Qg3 f4 15. Qg4 Qg7 16. Ba4 h5 17. Qh3 g5 18. c3 g4 19. Qh4+ Be7 20. Qxe7+
Kxe7 21. cxd4 exd4 22. Kf1 Rf8 23. Bd2 h4 24. Re1+ Kd8 25. Bb4 Rf6 26. f3 h3
27. gxh3 gxf3 28. Nxf3 Bxf3 29. Rg1 Rg6 30. Kf2 Qh6 31. Rxg6 Qxg6 32. Kxf3
Qxd3+ 33. Kxf4 Qf5+ 34. Kg3 Ne4+ 35. Kg2 Qf2+ 36. Kh1 d3 37. Bd1 d2 38. Rg1
Qe3 39. Kg2 Nf2 40. Bc3 Nxd1 41. Bf6+ Kc7 42. Rf1 Qe2+ 43. Kg1 Ne3 44. Be5+
Kc6 45. Rf6+ Kb5 46. a4+ Ka6 47. Rxb6+ Kxb6 48. Bd4+ Ka6 49. Bxe3 d1=Q#
{White checkmated}
0-1

[Event "GambitGuide"]
[Site "Internet Chess Club"]
[Date "2014.10.31"]
[Round "1"]
[White "JSBach"]
[Black "Sunny2002"]
[Result "1-0"]
[ICCResult "Black resigns"]
[WhiteElo "1643"]
[BlackElo "1164"]
[Opening "Vienna: `Frankenstein-Dracula' variation"]
[ECO "C27"]
[NIC "VG.02"]
[Time "22:52:51"]
[TimeControl "120+12"]

1. e4 e5 2. Nc3 Nf6 3. Bc4 Nxe4 4. Qh5 Nd6 5. Bb3 Nc6 6. Nb5 g6 7. Qf3 f5 8.
Qd5 Qe7 9. Nxc7+ Kd8 10. Nxa8 b6 11. d3 Bb7 12. Nxb6 axb6 13. Qf3 Nd4 14.
Qg3 f4 15. Qg4 Bh6 16. Ba4 b5 17. Bb3 e4 18. Kf1 exd3 19. cxd3 Rf8 20. Nh3
f3 21. gxf3 Qe2+ 22. Kg1 Nxf3+ 23. Kg2 Be3 24. Bd5 Ne5 25. Qxe2 Bxd5+ 26.
Kg1 Rxf2 27. Nxf2 {Black resigns} 1-0

[Event "GambitGuide"]
[Site "Internet Chess Club"]
[Date "2014.10.31"]
[Round "1"]
[White "JSBach"]
[Black "jmkchess"]
[Result "1-0"]
[ICCResult "Black resigns"]
[WhiteElo "1643"]
[BlackElo "2024"]
[Opening "Vienna: `Frankenstein-Dracula' variation"]
[ECO "C27"]
[NIC "VG.02"]
[Time "22:54:12"]
[TimeControl "120+12"]

1. e4 e5 2. Nc3 Nf6 3. Bc4 Nxe4 4. Qh5 Nd6 5. Bb3 Nc6 6. Nb5 g6 7. Qf3 f5 8.
Qd5 Qe7 9. Nxc7+ Kd8 10. Nxa8 b6 11. d3 Bb7 12. Nxb6 axb6 13. Qf3 Nd4 14.
Qg3 f4 15. Qg4 g5 16. Ba4 h5 17. Qd1 Bxg2 18. c3 Bxh1 19. cxd4 exd4+ 20. Qe2
Qxe2+ 21. Nxe2 Bc6 22. Bxc6 dxc6 23. Nxd4 Kc7 24. Ne6+ Kd7 25. Nxg5 Bh6 26.
Bxf4 Bxg5 27. Bxg5 Rg8 28. f4 {Black resigns} 1-0

[Event "GambitGuide"]
[Site "Internet Chess Club"]
[Date "2014.10.31"]
[Round "1"]
[White "JSBach"]
[Black "Sunny2002"]
[Result "0-1"]
[ICCResult "White checkmated"]
[WhiteElo "1643"]
[BlackElo "1164"]
[Opening "Vienna: `Frankenstein-Dracula' variation"]
[ECO "C27"]
[NIC "VG.02"]
[Time "22:54:05"]
[TimeControl "120+12"]

1. e4 e5 2. Nc3 Nf6 3. Bc4 Nxe4 4. Qh5 Nd6 5. Bb3 Nc6 6. Nb5 g6 7. Qf3 f5 8.
Qd5 Qe7 9. Nxc7+ Kd8 10. Nxa8 b6 11. d3 Bb7 12. Nxb6 axb6 13. Qf3 Nd4 14.
Qg3 f4 15. Qg4 Bh6 16. Ba4 b5 17. Bb3 e4 18. Kf1 exd3 19. cxd3 Rf8 20. Nh3
f3 21. gxf3 Qe2+ 22. Kg1 Nxf3+ 23. Kg2 Ne5+ 24. Qe4 Bxe4+ 25. dxe4 Qf3+ 26.
Kg1 Ng4 27. e5 Nxf2 28. Bg5+ Bxg5 29. Nf4 Bxf4 30. h4 Be3 31. Rh2 Ng4+ 32.
Rf2 Qxf2+ 33. Kh1 Qh2# {White checkmated} 0-1

[Event "GambitGuide"]
[Site "Internet Chess Club"]
[Date "2014.10.31"]
[Round "1"]
[White "JSBach"]
[Black "Submundo"]
[Result "1-0"]
[ICCResult "Black resigns"]
[WhiteElo "1643"]
[BlackElo "1557"]
[Opening "Vienna: `Frankenstein-Dracula' variation"]
[ECO "C27"]
[NIC "VG.02"]
[Time "22:53:09"]
[TimeControl "120+12"]

1. e4 e5 2. Nc3 Nf6 3. Bc4 Nxe4 4. Qh5 Nd6 5. Bb3 Nc6 6. Nb5 g6 7. Qf3 f5 8.
Qd5 Qe7 9. Nxc7+ Kd8 10. Nxa8 b6 11. d3 Nd4 12. f4 Bb7 13. Qxe5 Bxg2 14. Be3
Ne6 15. Qxh8 Bxh1 16. Nxb6 axb6 17. Bxe6 dxe6 18. Bxb6+ Kd7 19. O-O-O Nc8
20. Bd4 Bd5 21. c4 Bc6 22. Bf6 Qb4 23. Qxh7+ Be7 24. Qxg6 Bxf6 25. Qxf6
{Black resigns}
1-0

[Event "GambitGuide"]
[Site "Internet Chess Club"]
[Date "2014.10.31"]
[Round "1"]
[White "JSBach"]
[Black "Roaringknights"]
[Result "1-0"]
[ICCResult "Black resigns"]
[WhiteElo "1643"]
[BlackElo "1808"]
[Opening "Vienna: `Frankenstein-Dracula' variation"]
[ECO "C27"]
[NIC "VG.02"]
[Time "22:50:57"]
[TimeControl "120+12"]

1. e4 e5 2. Nc3 Nf6 3. Bc4 Nxe4 4. Qh5 Nd6 5. Bb3 Nc6 6. Nb5 g6 7. Qf3 f5 8.
Qd5 Qe7 9. Nxc7+ Kd8 10. Nxa8 b6 11. d3 e4 12. dxe4 Nxe4 13. Be3 Bb7 14.
Nxb6 axb6 15. Bxb6+ Kc8 16. Be3 f4 17. f3 Qh4+ 18. Kf1 fxe3 19. Nh3 Nd2+ 20.
Kg1 Nb4 21. Qe5 Qe7 22. Qxh8 e2 23. Re1 Qe3+ 24. Nf2 Nxf3+ 25. gxf3 Qxf3 26.
Qc3+ {Black resigns} 1-0

[Event "GambitGuide"]
[Site "Internet Chess Club"]
[Date "2014.10.31"]
[Round "1"]
[White "JSBach"]
[Black "fearlessone"]
[Result "0-1"]
[ICCResult "White checkmated"]
[WhiteElo "1643"]
[BlackElo "1812"]
[Opening "Vienna: `Frankenstein-Dracula' variation"]
[ECO "C27"]
[NIC "VG.02"]
[Time "22:53:20"]
[TimeControl "120+12"]

1. e4 e5 2. Nc3 Nf6 3. Bc4 Nxe4 4. Qh5 Nd6 5. Bb3 Nc6 6. Nb5 g6 7. Qf3 f5 8.
Qd5 Qe7 9. Nxc7+ Kd8 10. Nxa8 b6 11. d3 Bb7 12. Nxb6 axb6 13. Qf3 Bg7 14.
Be3 Nd4 15. Qh3 Nxb3 16. Bxb6+ Kc8 17. axb3 g5 18. Ne2 h5 19. Ra7 f4 20. Ra5
g4 21. Rc5+ Kb8 22. Bc7+ Ka8 23. Ra5+ Ba6 24. Rxa6+ Kb7 25. Bxd6 Qg5 26. Be7
Qxe7 27. Re6 dxe6 28. Nxf4 gxh3 29. Nxh3 e4 30. dxe4 Bxb2 31. Ke2 e5 32. f3
Rc8 33. c4 Qb4 34. Rd1 Qxb3 35. c5 Rxc5 36. Rd7+ Rc7 37. Rd2 Rc2 38. Nf2
Rxd2+ 39. Kxd2 Qc3+ 40. Ke2 Qc2+ 41. Kf1 Bd4 42. Nd3 Qxd3+ 43. Ke1 Qe3+ 44.
Kd1 Bc3 45. Kc2 Qd2+ 46. Kb3 Bd4 47. g3 Qe3+ 48. Kc4 Qxf3 49. Kd5 Qg2 50. g4
hxg4 51. Ke6 Qxh2 52. Kd5 g3 53. Ke6 g2 54. Kd5 g1=Q 55. Ke6 Qe2 56. Kf6
Qgf1+ 57. Ke6 Qxe4 58. Ke7 Qee1 59. Ke8 Ba1 60. Ke7 e4 61. Ke6 e3 62. Ke7 e2
63. Ke8 Qd1 64. Ke7 e1=Q# {White checkmated} 0-1

[Event "GambitGuide"]
[Site "Internet Chess Club"]
[Date "2014.10.31"]
[Round "1"]
[White "JSBach"]
[Black "Sunny2002"]
[Result "1-0"]
[ICCResult "Black resigns"]
[WhiteElo "1643"]
[BlackElo "1164"]
[Opening "Vienna: `Frankenstein-Dracula' variation"]
[ECO "C27"]
[NIC "VG.02"]
[Time "22:55:13"]
[TimeControl "120+12"]

1. e4 e5 2. Nc3 Nf6 3. Bc4 Nxe4 4. Qh5 Nd6 5. Bb3 Nc6 6. Nb5 g6 7. Qf3 f5 8.
Qd5 Qe7 9. Nxc7+ Kd8 10. Nxa8 b6 11. d3 Bb7 12. Nxb6 axb6 13. Qf3 Nd4 14.
Qg3 f4 15. Qg4 Bh6 16. Ba4 b5 17. Bb3 e4 18. Kf1 exd3 19. cxd3 Rf8 20. Nh3
f3 21. gxf3 Nxf3 22. Bxh6 Nd2+ 23. Bxd2 Bxh1 24. Bg5 {Black resigns} 1-0

[Event "GambitGuide"]
[Site "Internet Chess Club"]
[Date "2014.10.31"]
[Round "1"]
[White "JSBach"]
[Black "FischerKing"]
[Result "1-0"]
[ICCResult "Black resigns"]
[WhiteElo "1643"]
[BlackElo "1739"]
[Opening "Vienna: `Frankenstein-Dracula' variation"]
[ECO "C27"]
[NIC "VG.02"]
[Time "22:53:50"]
[TimeControl "120+12"]

1. e4 e5 2. Nc3 Nf6 3. Bc4 Nxe4 4. Qh5 Nd6 5. Bb3 Nc6 6. Nb5 g6 7. Qf3 f5 8.
Qd5 Qe7 9. Nxc7+ Kd8 10. Nxa8 b6 11. d3 Nd4 12. f4 Bb7 13. Qxe5 Qxe5+ 14.
fxe5 Nxb3 15. Bg5+ Kc8 16. cxb3 Bxg2 17. Rc1+ Kb7 18. Bf6 Rg8 19. Nc7 Bxh1
20. exd6 Bxd6 21. Nb5 Bxh2 22. Ne2 a6 23. Nbd4 Rf8 24. Bg5 Rf7 25. Kf2 Bd5
26. Bf4 Bxf4 27. Nxf4 Be6 28. Re1 Re7 29. b4 b5 30. Nfxe6 dxe6 31. Nxe6
{Black resigns}
1-0

[Event "GambitGuide"]
[Site "Internet Chess Club"]
[Date "2014.10.31"]
[Round "1"]
[White "JSBach"]
[Black "Sunny2002"]
[Result "1-0"]
[ICCResult "Black resigns"]
[WhiteElo "1643"]
[BlackElo "1164"]
[Opening "Vienna: `Frankenstein-Dracula' variation"]
[ECO "C27"]
[NIC "VG.02"]
[Time "22:55:49"]
[TimeControl "120+12"]

1. e4 e5 2. Nc3 Nf6 3. Bc4 Nxe4 4. Qh5 Nd6 5. Bb3 Nc6 6. Nb5 g6 7. Qf3 f5 8.
Qd5 Qe7 9. Nxc7+ Kd8 10. Nxa8 b6 11. d3 Bb7 12. Nxb6 axb6 13. Qf3 Nd4 14.
Qg3 f4 15. Qg4 Bh6 16. Ba4 b5 17. Bb3 e4 18. Kf1 exd3 19. cxd3 Rf8 20. Nh3
f3 21. gxf3 Nxf3 22. Bxh6 Nd2+ 23. Bxd2 {Black resigns} 1-0

[Event "GambitGuide"]
[Site "Internet Chess Club"]
[Date "2014.10.31"]
[Round "1"]
[White "JSBach"]
[Black "the1"]
[Result "1-0"]
[ICCResult "Black resigns"]
[WhiteElo "1643"]
[BlackElo "2299"]
[Opening "Vienna: `Frankenstein-Dracula' variation"]
[ECO "C27"]
[NIC "VG.02"]
[Time "22:55:18"]
[TimeControl "120+12"]

1. e4 e5 2. Nc3 Nf6 3. Bc4 Nxe4 4. Qh5 Nd6 5. Bb3 Nc6 6. Nb5 g6 7. Qf3 f5 8.
Qd5 Qe7 9. Nxc7+ Kd8 10. Nxa8 b6 11. d3 Bb7 12. Nxb6 axb6 13. Qf3 Nd4 14.
Qh3 e4 15. Be3 exd3 16. O-O-O Bg7 17. Rxd3 Nxb3+ 18. Rxb3 Kc8 19. Rxb6 Re8
20. Ne2 Nc4 21. Rb3 Nxb2 22. Re1 Nc4 23. Ng3 f4 24. Qg4 g5 25. Nf5 Qf6 26.
Nxg7 Qxg7 27. Rd1 Bc6 28. Bxf4 {Black resigns} 1-0

[Event "GambitGuide"]
[Site "Internet Chess Club"]
[Date "2014.10.31"]
[Round "1"]
[White "JSBach"]
[Black "Sunny2002"]
[Result "1-0"]
[ICCResult "Black resigns"]
[WhiteElo "1643"]
[BlackElo "1164"]
[Opening "Vienna: `Frankenstein-Dracula' variation"]
[ECO "C27"]
[NIC "VG.02"]
[Time "22:56:33"]
[TimeControl "120+12"]

1. e4 e5 2. Nc3 Nf6 3. Bc4 Nxe4 4. Qh5 Nd6 5. Bb3 Nc6 6. Nb5 g6 7. Qf3 f5 8.
Qd5 Qe7 9. Nxc7+ Kd8 10. Nxa8 b6 11. d3 Bb7 12. Nxb6 axb6 13. Qf3 Nd4 14.
Qh3 f4 15. Ba4 b5 16. Bb3 Bh6 17. Bd2 e4 18. Qxh6 {Black resigns} 1-0

[Event "GambitGuide"]
[Site "Internet Chess Club"]
[Date "2014.10.31"]
[Round "1"]
[White "JSBach"]
[Black "jmkchess"]
[Result "0-1"]
[ICCResult "White checkmated"]
[WhiteElo "1643"]
[BlackElo "2024"]
[Opening "Vienna: `Frankenstein-Dracula' variation"]
[ECO "C27"]
[NIC "VG.02"]
[Time "22:55:36"]
[TimeControl "120+12"]

1. e4 e5 2. Nc3 Nf6 3. Bc4 Nxe4 4. Qh5 Nd6 5. Bb3 Nc6 6. Nb5 g6 7. Qf3 f5 8.
Qd5 Qe7 9. Nxc7+ Kd8 10. Nxa8 b6 11. d3 Bb7 12. Nxb6 axb6 13. Qf3 Nd4 14.
Qg3 f4 15. Qg4 g5 16. Ba4 h5 17. Qd1 Bxg2 18. c3 Bxh1 19. cxd4 exd4+ 20. Qe2
Bc6 21. Bb3 Bg7 22. Qxe7+ Kxe7 23. Nh3 Bh6 24. Bd2 Kf6 25. Rc1 Re8+ 26. Kf1
Bb5 27. Bc2 Rc8 28. a4 Rxc2 29. Nxf4 Rxc1+ 30. Bxc1 gxf4 31. axb5 Nxb5 32.
Bd2 Nd6 33. h3 Nf5 34. Ke1 d5 35. b3 Nh4 36. Kd1 Nf3 37. Bb4 Ne5 38. Kc2 f3
39. Be1 Kg5 40. Bb4 Kh4 41. Bd6 Ng4 42. hxg4 hxg4 43. Bg3+ Kh3 44. Bb8 Bg5
45. Be5 Bh4 46. Bxd4 Bxf2 47. Bxf2 g3 48. Bxg3 Kxg3 49. Kd2 f2 50. Ke2 Kg2
51. b4 f1=Q+ 52. Kd2 Qf2+ 53. Kc3 Qe1+ 54. Kd4 Qe6 55. Kc3 Qc6+ 56. Kd4 Qb5
57. Kc3 d4+ 58. Kxd4 Qxb4+ 59. Kd5 Qc5+ 60. Ke4 Kg3 61. d4 Qd6 62. d5 Kg4
63. Kd4 Kf5 64. Kc4 Ke5 65. Kc3 Qxd5 66. Kb4 Qc5+ 67. Kb3 Kd4 68. Kb2 Qc3+
69. Kb1 Qd2 70. Ka1 Kc3 71. Kb1 Qb2# {White checkmated} 0-1

[Event "GambitGuide"]
[Site "Internet Chess Club"]
[Date "2014.10.31"]
[Round "1"]
[White "JSBach"]
[Black "Submundo"]
[Result "0-1"]
[ICCResult "White checkmated"]
[WhiteElo "1643"]
[BlackElo "1557"]
[Opening "Vienna: `Frankenstein-Dracula' variation"]
[ECO "C27"]
[NIC "VG.02"]
[Time "22:55:18"]
[TimeControl "120+12"]

1. e4 e5 2. Nc3 Nf6 3. Bc4 Nxe4 4. Qh5 Nd6 5. Bb3 Nc6 6. Nb5 g6 7. Qf3 f5 8.
Qd5 Qe7 9. Nxc7+ Kd8 10. Nxa8 b6 11. d3 Nd4 12. h4 Bg7 13. Bg5 Bf6 14. Bxf6
Qxf6 15. O-O-O Bb7 16. Nxb6 axb6 17. Re1 Bxd5 18. Bxd5 Kc7 19. c3 Ne6 20.
Nf3 e4 21. dxe4 fxe4 22. Bxe4 Qf4+ 23. Nd2 Nc5 24. Bc2 Ra8 25. h5 Rxa2 26.
Kb1 Qxd2 27. Kxa2 Qxc2 28. hxg6 hxg6 29. f3 Nd3 30. Re2 Qxe2 31. Rb1 Nc4 32.
g3 Ncxb2 33. Kb3 Nc5+ 34. Ka3 Nc4+ 35. Kb4 Qc2 36. Kxc4 Qxb1 37. g4 Qd3+ 38.
Kb4 d5 39. Ka3 Qxc3+ 40. Ka2 d4 41. Kb1 d3 42. f4 d2 43. g5 d1=Q+ 44. Ka2
Qcb3# {White checkmated} 0-1

[Event "GambitGuide"]
[Site "Internet Chess Club"]
[Date "2014.10.31"]
[Round "1"]
[White "JSBach"]
[Black "fearlessone"]
[Result "0-1"]
[ICCResult "White checkmated"]
[WhiteElo "1643"]
[BlackElo "1812"]
[Opening "Vienna: `Frankenstein-Dracula' variation"]
[ECO "C27"]
[NIC "VG.02"]
[Time "22:55:31"]
[TimeControl "120+12"]

1. e4 e5 2. Nc3 Nf6 3. Bc4 Nxe4 4. Qh5 Nd6 5. Bb3 Nc6 6. Nb5 g6 7. Qf3 f5 8.
Qd5 Qe7 9. Nxc7+ Kd8 10. Nxa8 b6 11. d3 Bb7 12. Nxb6 axb6 13. Qf3 Bg7 14.
Be3 Nd4 15. Qh3 Nxb3 16. Bxb6+ Kc8 17. axb3 g5 18. b4 h5 19. Ra7 f4 20. Nf3
g4 21. Qh4 Bf6 22. Bd8 Qxd8 23. Qxf6 Qxf6 24. Nd2 Kb8 25. Ra5 Bxg2 26. Rg1
f3 27. Ra6 Qe7 28. Kd1 Kb7 29. Ra5 Ra8 30. Nb3 Rxa5 31. bxa5 Nb5 32. c4 Nd4
33. Nxd4 exd4 34. Re1 Qb4 35. Re5 Kc8 36. Rb5 Qe7 37. Rxh5 Qe2+ 38. Kc1 Qf1+
39. Kc2 Qxf2+ 40. Kb3 Qe1 41. Rc5+ Kd8 42. a6 Qd1+ 43. Ka2 Qa4+ 44. Kb1 Qxa6
45. Rf5 Qe6 46. Rf4 Qe1+ 47. Kc2 Qe2+ 48. Kb3 f2 49. Ka2 f1=Q 50. Rxf1 Qxf1
51. b4 Qe2+ 52. Ka1 Qd1+ 53. Kb2 Qd2+ 54. Ka1 Qc3+ 55. Ka2 Qxb4 56. Ka1 Qc3+
57. Ka2 Qxd3 58. Kb2 Qxc4 59. Ka3 Qe6 60. Kb2 Qc6 61. Ka2 d3 62. Kb3 d2 63.
Kb2 Qc1+ 64. Kb3 d1=Q+ 65. Kb4 Qd4+ 66. Kb5 Qdb2+ 67. Ka6 Qca1#
{White checkmated}
0-1

[Event "GambitGuide"]
[Site "Internet Chess Club"]
[Date "2014.10.31"]
[Round "1"]
[White "JSBach"]
[Black "Sunny2002"]
[Result "1-0"]
[ICCResult "Black resigns"]
[WhiteElo "1643"]
[BlackElo "1164"]
[Opening "Vienna: `Frankenstein-Dracula' variation"]
[ECO "C27"]
[NIC "VG.02"]
[Time "22:57:34"]
[TimeControl "120+12"]

1. e4 e5 2. Nc3 Nf6 3. Bc4 Nxe4 4. Qh5 Nd6 5. Bb3 Nc6 6. Nb5 g6 7. Qf3 f5 8.
Qd5 Qe7 9. Nxc7+ Kd8 10. Nxa8 b6 11. d3 Bb7 12. Nxb6 axb6 13. Qf3 Nd4 14.
Qg3 f4 15. Qg4 Bh6 16. Ba4 b5 17. Bb3 e4 18. Kf1 exd3 19. cxd3 Rf8 20. Nh3
f3 21. gxf3 Qe2+ 22. Kg1 Nxf3+ 23. Kg2 Ne5+ 24. Qe4 Bxe4+ 25. dxe4 Qf3+ 26.
Kg1 Be3 27. Bxe3 Ng4 28. Ng5 Nxe3 29. Nxf3 Rxf3 30. e5 Ne4 31. fxe3 Rxe3 32.
Kg2 Re2+ 33. Kf3 Rxb2 34. Kxe4 {Black resigns} 1-0

[Event "GambitGuide"]
[Site "Internet Chess Club"]
[Date "2014.10.31"]
[Round "1"]
[White "JSBach"]
[Black "Svinotigr"]
[Result "1-0"]
[ICCResult "Black resigns"]
[WhiteElo "1643"]
[BlackElo "1757"]
[Opening "Vienna: `Frankenstein-Dracula' variation"]
[ECO "C27"]
[NIC "VG.02"]
[Time "22:43:30"]
[TimeControl "120+12"]

1. e4 e5 2. Nc3 Nf6 3. Bc4 Nxe4 4. Qh5 Nd6 5. Bb3 Nc6 6. Nb5 g6 7. Qf3 f5 8.
Qd5 Qe7 9. Nxc7+ Kd8 10. Nxa8 b6 11. d3 Bb7 12. Nxb6 axb6 13. Qf3 Nd4 14.
Qg3 Bg7 15. Bg5 Bf6 16. Bxf6 Qxf6 17. Ba4 b5 18. Bb3 g5 19. Nh3 g4 20. Ng1
h5 21. h3 h4 22. Qh2 e4 23. dxe4 Bxe4 24. hxg4 fxg4 25. O-O-O g3 26. fxg3
Qf2 27. Rd2 Qe3 28. gxh4 Nxb3+ 29. axb3 Qe1+ 30. Rd1 Qe3+ 31. Kb1 Qxb3 32.
Rd2 Nc4 33. Qb8+ Ke7 34. Rxd7+ Kxd7 35. Qb7+ Bxb7 36. cxb3 Bxg2 37. Rh2 Be4+
38. Kc1 Nd6 39. Rh3 Rh5 40. Ne2 Nf5 41. Nc3 Bc6 42. Rh2 Rxh4 43. Rf2 Rh1+
44. Kd2 Nd6 45. Re2 Nf5 46. Ne4 Nd4 47. Nf6+ Kd6 48. Re3 Rh2+ 49. Kc3 Ne2+
50. Kb4 Nf4 51. Ne4+ Kd5 52. Kc3 Ne6 53. Nf6+ Kd6 54. Ng4 Rg2 55. Rd3+ Kc7
56. Ne5 Be8 57. Re3 Nf4 58. Re4 Nd5+ 59. Kd4 Kd6 60. Rh4 Rd2+ 61. Nd3 Nb4
62. Rh6+ Ke7 63. Kc3 Rxd3+ 64. Kxb4 Rd5 65. Rh4 Bf7 66. Rh1 Kd6 67. Rc1 Be8
68. Rc8 Bc6 69. Rd8+ Ke5 70. Rc8 Bd7 71. Rc2 Rd4+ 72. Kc5 Rd3 73. Re2+ Kf4
74. b4 Re3 75. Rf2+ Ke4 76. Rf1 Rb3 77. Rf7 Rd3 78. Re7+ Kf3 79. Re1 Re3 80.
Rd1 Be8 81. Kd6 Rb3 82. Re1 Bg6 83. Kc5 Bd3 84. Kd4 Bc4 85. Re5 Rxb4 86.
Rf5+ Kg4 87. Rf2 Rb3 88. Rg2+ Kf3 89. Rd2 Rb4 90. Kc5 Ke3 91. Rc2 Kd3 92.
Rc3+ Kd2 93. Kxb4 Ke2 94. Rxc4 bxc4 95. Kxc4 Kd2 96. b4 {Black resigns} 1-0

[Event "GambitGuide"]
[Site "Internet Chess Club"]
[Date "2014.10.31"]
[Round "1"]
[White "JSBach"]
[Black "SoWhat"]
[Result "1-0"]
[ICCResult "Black checkmated"]
[WhiteElo "1643"]
[BlackElo "2305"]
[Opening "Vienna: `Frankenstein-Dracula' variation"]
[ECO "C27"]
[NIC "VG.02"]
[Time "22:57:51"]
[TimeControl "120+12"]

1. e4 e5 2. Nc3 Nf6 3. Bc4 Nxe4 4. Qh5 Nd6 5. Bb3 Nc6 6. Nb5 g6 7. Qf3 f5 8.
Qd5 Qe7 9. Nxc7+ Kd8 10. Nxa8 b6 11. d3 Bg7 12. Ba4 Bb7 13. Nxb6 axb6 14.
Qb3 Nd4 15. Qxb6+ Ke8 16. f3 e4 17. fxe4 fxe4 18. Bg5 Qxg5 19. Qxd6 exd3 20.
Qxd7+ Kf8 21. Qe8# {Black checkmated} 1-0

[Event "GambitGuide"]
[Site "Internet Chess Club"]
[Date "2014.10.31"]
[Round "1"]
[White "JSBach"]
[Black "the1"]
[Result "0-1"]
[ICCResult "White checkmated"]
[WhiteElo "1643"]
[BlackElo "2299"]
[Opening "Vienna: `Frankenstein-Dracula' variation"]
[ECO "C27"]
[NIC "VG.02"]
[Time "22:57:36"]
[TimeControl "120+12"]

1. e4 e5 2. Nc3 Nf6 3. Bc4 Nxe4 4. Qh5 Nd6 5. Bb3 Nc6 6. Nb5 g6 7. Qf3 f5 8.
Qd5 Qe7 9. Nxc7+ Kd8 10. Nxa8 b6 11. d3 Bb7 12. Nxb6 axb6 13. Qf3 Nd4 14.
Qg3 f4 15. Qg4 Qf6 16. Ba4 N6f5 17. c3 h5 18. Qh3 g5 19. cxd4 g4 20. Bxf4
exf4 21. Bc6 Bxc6 22. d5 Bxd5 23. Qxh5 Rxh5 24. h4 Nxh4 25. O-O-O Bxg2 26.
Rh2 Qc6+ 27. Kb1 Rc5 28. Rxh4 Bg7 29. Rxg4 Bd4 30. Rxf4 Qd6 31. Ne2 Be5 32.
Rf7 Bd5 33. Rh7 Be4 34. Rh3 Bf5 35. Re3 Rd5 36. Kc2 Qb4 37. b3 Qa3 38. Nc3
Bxc3 39. Kxc3 Rc5+ 40. Kd2 Qb2+ 41. Ke1 Re5 42. Rxe5 Qxe5+ 43. Kf1 Bh3+ 44.
Kg1 Qg5+ 45. Kh2 Qg2# {White checkmated} 0-1

[Event "GambitGuide"]
[Site "Internet Chess Club"]
[Date "2014.10.31"]
[Round "1"]
[White "JSBach"]
[Black "FischerKing"]
[Result "1-0"]
[ICCResult "Black resigns"]
[WhiteElo "1643"]
[BlackElo "1739"]
[Opening "Vienna: `Frankenstein-Dracula' variation"]
[ECO "C27"]
[NIC "VG.02"]
[Time "22:55:54"]
[TimeControl "120+12"]

1. e4 e5 2. Nc3 Nf6 3. Bc4 Nxe4 4. Qh5 Nd6 5. Bb3 Nc6 6. Nb5 g6 7. Qf3 f5 8.
Qd5 Qe7 9. Nxc7+ Kd8 10. Nxa8 b6 11. d3 Nd4 12. h4 Bg7 13. Bg5 Bf6 14. Bxf6
Qxf6 15. O-O-O Bb7 16. Nxb6 axb6 17. Re1 Bxd5 18. Bxd5 Kc7 19. c3 Nc6 20.
Nf3 Re8 21. Ng5 h6 22. Nf3 e4 23. dxe4 Nxe4 24. Re2 Nxc3 25. Rxe8 Nxd5 26.
Rhe1 Nd4 27. Nxd4 Qxd4 28. Rd1 Qc5+ 29. Kb1 Kd6 30. Rg8 Qxf2 31. Rxg6+ Ke5
32. Rxh6 d6 33. h5 Qxg2 34. Re1+ Ne3 35. Rxe3+ Kd4 36. Re1 f4 37. b4 f3 38.
Rxd6+ Kc4 39. Rxb6 f2 40. Rc1+ Kd5 41. Rc5+ Ke4 42. Re6+ Kd4 43. Rd6+ Ke4
44. Re6+ Kd4 45. Rd6+ Ke4 46. Re6+ Kf4 47. Rf6+ Ke3 48. Re5+ Kd3 49. Ref5
Ke2 50. Rxf2+ Qxf2 51. Rxf2+ Kxf2 52. h6 {Black resigns} 1-0

[Event "GambitGuide"]
[Site "Internet Chess Club"]
[Date "2014.10.31"]
[Round "1"]
[White "JSBach"]
[Black "Submundo"]
[Result "1-0"]
[ICCResult "Black resigns"]
[WhiteElo "1643"]
[BlackElo "1557"]
[Opening "Vienna: `Frankenstein-Dracula' variation"]
[ECO "C27"]
[NIC "VG.02"]
[Time "22:58:16"]
[TimeControl "120+12"]

1. e4 e5 2. Nc3 Nf6 3. Bc4 Nxe4 4. Qh5 Nd6 5. Bb3 Nc6 6. Nb5 g6 7. Qf3 f5 8.
Qd5 Qe7 9. Nxc7+ Kd8 10. Nxa8 b6 11. d3 Nd4 12. h4 Bg7 13. Bg5 Bf6 14. Bxf6
Qxf6 15. O-O-O Bb7 16. Nxb6 axb6 17. Re1 Bxd5 18. Bxd5 Kc7 19. c3 Ne6 20.
Nf3 e4 21. dxe4 fxe4 22. Bxe4 Qf4+ 23. Nd2 Ra8 24. Bxa8 {Black resigns} 1-0

[Event "GambitGuide"]
[Site "Internet Chess Club"]
[Date "2014.10.31"]
[Round "1"]
[White "JSBach"]
[Black "the1"]
[Result "0-1"]
[ICCResult "White checkmated"]
[WhiteElo "1643"]
[BlackElo "2299"]
[Opening "Vienna: `Frankenstein-Dracula' variation"]
[ECO "C27"]
[NIC "VG.02"]
[Time "22:59:02"]
[TimeControl "120+12"]

1. e4 e5 2. Nc3 Nf6 3. Bc4 Nxe4 4. Qh5 Nd6 5. Bb3 Nc6 6. Nb5 g6 7. Qf3 f5 8.
Qd5 Qe7 9. Nxc7+ Kd8 10. Nxa8 b6 11. d3 Bb7 12. Nxb6 axb6 13. Qf3 Nd4 14.
Qg3 f4 15. Qg4 Qf6 16. Ba4 N6f5 17. c3 h5 18. Qh3 g5 19. cxd4 g4 20. Bxf4
exf4 21. Bc6 Bxc6 22. d5 Bxd5 23. Qxh5 Rxh5 24. h4 Qxb2 25. Rd1 Nd4 26. a4
Bxg2 27. Rd2 Re5+ 28. Ne2 Rxe2+ 29. Rxe2 Qxe2# {White checkmated} 0-1

[Event "GambitGuide"]
[Site "Internet Chess Club"]
[Date "2014.10.31"]
[Round "1"]
[White "JSBach"]
[Black "fearlessone"]
[Result "1-0"]
[ICCResult "Black checkmated"]
[WhiteElo "1643"]
[BlackElo "1812"]
[Opening "Vienna: `Frankenstein-Dracula' variation"]
[ECO "C27"]
[NIC "VG.02"]
[Time "22:58:34"]
[TimeControl "120+12"]

1. e4 e5 2. Nc3 Nf6 3. Bc4 Nxe4 4. Qh5 Nd6 5. Bb3 Nc6 6. Nb5 g6 7. Qf3 f5 8.
Qd5 Qe7 9. Nxc7+ Kd8 10. Nxa8 b6 11. d3 Bb7 12. Nxb6 axb6 13. Qf3 Nd4 14.
Qg3 Nxb3 15. axb3 Bg7 16. Be3 Bf6 17. Bxb6+ Kc8 18. Ne2 g5 19. Bc5 h5 20. d4
f4 21. Qc3 Kb8 22. Ba7+ Ka8 23. dxe5 Bxe5 24. Bb6+ Kb8 25. Qc7#
{Black checkmated}
1-0

[Event "GambitGuide"]
[Site "Internet Chess Club"]
[Date "2014.10.31"]
[Round "1"]
[White "JSBach"]
[Black "the1"]
[Result "1-0"]
[ICCResult "Black checkmated"]
[WhiteElo "1643"]
[BlackElo "2299"]
[Opening "Vienna: `Frankenstein-Dracula' variation"]
[ECO "C27"]
[NIC "VG.02"]
[Time "22:59:37"]
[TimeControl "120+12"]

1. e4 e5 2. Nc3 Nf6 3. Bc4 Nxe4 4. Qh5 Nd6 5. Bb3 Nc6 6. Nb5 g6 7. Qf3 f5 8.
Qd5 Qe7 9. Nxc7+ Kd8 10. Nxa8 b6 11. d3 Bb7 12. Nxb6 axb6 13. Qf3 Nd4 14.
Qh3 h5 15. Be3 Nxb3 16. Bxb6+ Kc8 17. axb3 g5 18. b4 g4 19. Qe3 f4 20. Qc5+
Kb8 21. Qc7# {Black checkmated} 1-0

[Event "GambitGuide"]
[Site "Internet Chess Club"]
[Date "2014.10.31"]
[Round "1"]
[White "JSBach"]
[Black "SlippinAway"]
[Result "1-0"]
[ICCResult "Black resigns"]
[WhiteElo "1643"]
[BlackElo "2064"]
[Opening "Vienna: `Frankenstein-Dracula' variation"]
[ECO "C27"]
[NIC "VG.02"]
[Time "22:59:46"]
[TimeControl "120+12"]

1. e4 e5 2. Nc3 Nf6 3. Bc4 Nxe4 4. Qh5 Nd6 5. Bb3 Nc6 6. Nb5 g6 7. Qf3 f5 8.
Qd5 Qe7 9. Nxc7+ Kd8 10. Nxa8 b6 11. d3 Bg7 12. Nh3 h6 13. Ba4 Bb7 14. Nxb6
axb6 15. Qb3 Kc7 16. O-O g5 17. Re1 f4 18. Qd5 Nd4 19. Qxd4 {Black resigns}
1-0